 Dungeon Crawl Stone Soup version 0.32-a0-918-g0f22ef8d61 (webtiles) character file.

Game seed: 10545014976637570463

162 ezpacito the Chopper (level 5, -2/41 HPs)
             Began as a Coglin Chaos Knight on Apr 11, 2024.
             Was a Plaything of Xom.
             Slain by a gnoll
             ... wielding a +0 club
             ... led by a gnoll bouda
              (4 damage)
             ... on level 4 of the Dungeon.
             The game lasted 00:01:55 (1817 turns).

ezpacito the Chopper (Coglin Chaos Knight)          Turns: 1817, Time: 00:01:56

Health: -2/41      AC:  7    Str: 18    XL:     5   Next: 43%
Magic:  5/5        EV: 11    Int:  8    God:    Xom [..*...]
Gold:   104        SH:  0    Dex: 15    Spells: 2/5 levels left

rFire   . . .        a - +0 hand axe (chaos) {Gyeongja}
rCold   + . .        d - +0 dagger {Caliana}
rNeg    . . .        s - +1 leather armour of Aplitei {rC+ Str+4 Int-4 Dex+2}
rPois   .            b - +1 helmet
rElec   .            (no cloak)
rCorr   .            n - +0 pair of gloves
SInv    .            (no boots)
Will    .....        (amulet unavailable)
Stlth   ++           (ring unavailable)
HPRegen 0.26/turn    (ring unavailable)
MPRegen 0.09/turn    (no gizmo)

%: no passive effects
@: revved
A: off-hand wielding, slow wielding, warmup strikes, no jewellery
a: Invent Gizmo, Renounce Religion


You were on level 4 of the Dungeon.
You worshipped Xom.
You were a toy of Xom.
You visited 1 branch of the dungeon, and saw 4 of its levels.

You collected 104 gold pieces.

Inventory:

Hand Weapons
 a - a +0 hand axe of chaos (weapon) {Gyeongja}
 d - a +0 dagger (offhand) {Caliana}
Missiles
 g - a throwing net (quivered)
Armour
 b - a +1 helmet (worn)
 e - a +0 chain mail
 n - a +0 pair of gloves (worn)
 s - the +1 leather armour of Aplitei (worn) {rC+ Str+4 Int-4 Dex+2}
   (You found it on level 3 of the Dungeon)

   Str+4:     It affects your strength (+4).
   Int-4:     It affects your intelligence (-4).
   Dex+2:     It affects your dexterity (+2).
   rC+:       It protects you from cold.
Wands
 p - a wand of paralysis (14)
 q - a wand of flame (31)
Scrolls
 f - a scroll of fear {unknown}
 i - 2 scrolls of identify
 k - a scroll of vulnerability {unknown}
 o - a scroll of torment {unknown}
 r - a scroll of enchant armour {unknown}
 t - 2 scrolls of teleportation
 v - a scroll of poison {unknown}
Potions
 h - a potion of attraction {unknown}
 j - a potion of might {unknown}
 l - a potion of curing {unknown}
 m - a potion of mutation {unknown}


   Skills:
 * Level 3.4 Fighting
 * Level 3.7(3.9) Axes
 * Level 1.3(2.5) Polearms
 * Level 2.4 Armour
 * Level 1.9 Dodging
 + Level 1.0 Stealth
 + Level 0.6 Spellcasting
 + Level 0.1 Conjurations
 + Level 0.1 Air Magic
 + Level 0.3 Alchemy
 + Level 1.0 Evocations


You had 2 spell levels left.
You knew the following spells:

 Your Spells              Type           Power      Damage    Failure   Level
a - Sting                 Conj/Alch      0%         1d3       41%         1
b - Mercury Vapours       Alch/Air       0%         N/A       56%         2

Your spell library contained the following spells:

 Spells                   Type           Power      Damage    Failure   Level
 Olgreb's Toxic Radiance  Alch           0%         N/A       99%         4


Dungeon Overview and Level Annotations

Branches:
Dungeon (4/15)
 Temple: D:4-7

Altars:

Shops:
D:3 =


Innate Abilities, Weirdness & Mutations

You can wield a second weapon in your off-hand.
It takes a long time for you to wield or remove held weapons.
Your first few attacks do less damage.
You cannot equip rings or amulets.


Message History

You hit the gnoll with your +0 dagger.
The gnoll is moderately wounded.
You hit the gnoll with your +0 hand axe of chaos.
You barely miss the gnoll bouda with your +0 hand axe of chaos.
You barely miss the gnoll with your +0 hand axe of chaos. x2
Your butterfly disappears in a burst of colours!
The gnoll hits you but does no damage. The gnoll hits you with a +0 whip.
* * * LOW HITPOINT WARNING * * *
The gnoll bouda completely misses you.
A ball python comes into view.
The gnoll hits you but does no damage.
You take 3 damage, and have 7/41 hp.
Okay, then.
Okay, then.
Unknown command.
As you read the scroll labelled KUARA PEPINUOC, it crumbles to dust.
It is a scroll of identify.
i - 2 scrolls of teleportation;
t - 2 scrolls of teleportation
i - the +1 leather armour of Aplitei (worn)
{rC+ Str+4 Int-4 Dex+2}
i - 2 scrolls of identify
s - the +1 leather armour of Aplitei (worn)
{rC+ Str+4 Int-4 Dex+2} Your butterfly disappears in a burst of colours!
The gnoll hits you with a +0 club.
* * * LOW HITPOINT WARNING * * *
The gnoll misses you.
The gnoll bouda hits you but does no damage.
The ball python misses your butterfly.
The ball python completely misses your butterfly.
The gnoll hits you with a +0 spear.
* * * LOW HITPOINT WARNING * * *
You take 6 damage, and have 1/41 hp.
As you read the scroll labelled AMUTAEC ATIHE, it crumbles to dust.
It is a scroll of amnesia.
Okay, then.
Your butterfly disappears in a burst of colours!
The ball python misses your butterfly.
The ball python barely misses your butterfly.
The gnoll hits you with a +0 club.
You die...
Xom snickers!

##### #.bb#
######bbb###
##...bbbbbbg##S##
#....##..b#@gbb.#
####
#....######gg...#
...# #....#
#..b..# ...#
#....# ##....#
...# #....# ....#
.<.# #....# ....#
...###....# #####
...'...>..#
...########


You could see a gnoll bouda (ally target), 3 gnolls and a ball python.

Vanquished Creatures
  An orc wizard (D:3)
  Robin (D:3)
  2 gnolls (D:4)
  3 adders
  A ribbon worm (D:4)
  2 dart slugs (D:1)
  2 orcs (D:3)
  4 bats
  4 endoplasms
  A giant cockroach (D:1)
  13 goblins
  7 hobgoblins
  4 jackals (D:1)
  7 kobolds
  A quokka (D:2)
  7 ball pythons
  3 frilled lizards (D:1)
  6 rats
69 creatures vanquished.

Notes
Turn   | Place    | Note
-------+----------+-------------------------------------------
     0 | D:1      | ezpacito the Coglin Chaos Knight began the quest for the
                  | Orb.
     0 | D:1      | Reached XP level 1. HP: 18/18 MP: 1/1
    61 | D:1      | Reached skill level 1 in Dodging
    72 | D:1      | Reached XP level 2. HP: 23/24 MP: 2/2
   106 | D:1      | XOM: silly message
   275 | D:1      | XOM: divination: detect items
   296 | D:1      | Reached XP level 3. HP: 29/29 MP: 3/3
   825 | D:2      | XOM: silly message
  1022 | D:2      | XOM: silly message
  1230 | D:3      | Reached skill level 1 in Polearms
  1230 | D:3      | Reached XP level 4. HP: 31/35 MP: 4/4
  1273 | D:3      | Found a faded altar of an unknown god.
  1360 | D:3      | Identified the +1 leather armour of Aplitei {rC+ Str+4
                  | Int-4 Dex+2}
  1399 | D:3      | XOM: silly message
  1399 | D:3      | Noticed Robin
  1413 | D:3      | Killed Robin
  1423 | D:3      | Learned a level 1 spell: Sting
  1426 | D:3      | Learned a level 2 spell: Mercury Vapours
  1519 | D:3      | Reached XP level 5. HP: 37/41 MP: 5/5
  1550 | D:3      | Found Munimeru's Jewellery Shoppe.
  1801 | D:4      | XOM: cast spell 'Summon Small Mammal'
  1808 | D:4      | Reached skill level 1 in Evocations
  1811 | D:4      | Reached skill level 1 in Stealth
  1816 | D:4      | HP: 1/41 [gnoll/+0 spear[a gnoll bouda] (4)]
  1817 | D:4      | Slain by a gnoll

Illustrated notes

Levels and vault maps discovered:
D:1:      scummos_arrival_simple_crosswalls, layout_basic, minmay_heptomino_w4
D:2:      layout_basic
D:3:      layout_rooms, serial_shops, shop_fountains,
          chequers_ecumenical_altar_island, uniq_robin
D:4:      layout_basic, minmay_temple_entry_nine_rooms, sigmund_army,
          uniq_natasha

Skill      XL: |  1  2  3  4  5 |
---------------+----------------+-----
Dodging        | 1 |  1.9
Armour         | 2 |  2.4
Polearms       | 1 |  1.3
Evocations     | 1 |  1.0
Stealth        | 1 |  1.0
Fighting       | |  3.4
Axes           | |  3.7
Spellcasting   | |  0.6
Conjurations   | |  0.1
Air Magic      | |  0.1
Alchemy        | |  0.3

Action                     |  1- 3 |  4- 6 || total
---------------------------+-------+-------++-------
  Melee: Hand axe          |    75 |    69 ||   144
         Dagger            |    66 |    68 ||   134
    Use: Scroll            |       |     3 ||     3
   Stab: Sleeping          |     1 |       ||     1
 Armour: Leather armour    |    47 |    60 ||   107
  Dodge: Dodged            |    29 |    36 ||    65

Table legend: (Time is in decaauts)
 A = Elapsed time spent in this place.
 B = Non-inter-level travel time spent in this place.
 C = Inter-level travel time spent in this place.
 D = Time resting spent in this place.
 E = Time spent auto-exploring this place.
 F = Levels seen in this place.
 G = Mean time per level.
                   A        B        C        D        E       F      G
               +--------+--------+--------+--------+--------+-----+--------+
         Total |   1831 |   1760 |     71 |      0 |   1388 |   4 |  457.8 |
       Dungeon |   1831 |   1760 |     71 |      0 |   1388 |   4 |  457.8 |
               +--------+--------+--------+--------+--------+-----+--------+

Top non-repeatable levels by time:
     D:1: 722 daAuts
     D:3: 582 daAuts
     D:2: 477 daAuts
     D:4: 49 daAuts
